 Dungeon Crawl Stone Soup version 0.31-a0-161-gb58dd9be76 (webtiles) character file.

Game seed: 1038688203775102449

314 qw the Shooter (level 6, 0/56 HPs)
             Began as a Naga Hunter on June 12, 2023.
             Was an Initiate of Okawaru.
             Succumbed to Ijyb's poison
             ... on level 4 of the Dungeon.
             The game lasted 00:01:05 (2491 turns).

qw the Shooter (Naga Hunter)                        Turns: 2491, Time: 00:01:05

Health: 0/56       AC: 12    Str: 13    XL:     6   Next: 43%
Magic:  6/6        EV:  7    Int:  9    God:    Okawaru [......]
Gold:   226        SH:  0    Dex: 17    Spells: 5/5 levels left

rFire   . . .        Y - +0 shortbow
rCold   . . .        (shield currently unavailable)
rNeg    . . .        c - +0 leather armour
rPois   +            (helmet restricted)
rElec   +            f - +0 cloak {rCorr}
rCorr   +            (no gloves)
SInv    +            a - +2 barding "Imas" {rElec Will+}
Will    +....        (no amulet)
Stlth   ++           (no ring)
HPRegen 0.29/turn    (no ring)
MPRegen 0.10/turn

%: no passive effects
@: lethally poisoned (0 -> -3), short of breath, very slow
A: AC +2, large, see invisible, deformed body, poison resistance, slowness 2,
spit poison 1, naga tail 1, horns 1, iridescent scales 1
a: Spit Poison, Renounce Religion


You were on level 4 of the Dungeon.
You worshipped Okawaru.
Okawaru was noncommittal.
You visited 1 branch of the dungeon, and saw 4 of its levels.

You collected 226 gold pieces.


Innate Abilities, Weirdness & Mutations

Your serpentine skin is tough. (AC +2)
You have supernaturally acute eyesight. (SInv)
Armour fits poorly on your strangely shaped body.
Your system is resistant to poisons. (rPois)
You cover ground very slowly.
You can spit poison.
You have a snake-like lower body.
You have a pair of small horns on your head.
You are partially covered in iridescent scales. (AC +2)


   Skills:
 + Level 3.5 Fighting
 - Level 6.1 Ranged Weapons
 - Level 1.0 Armour
 - Level 1.5 Dodging
 - Level 1.5 Stealth


You had 5 spell levels left.
You didn't know any spells.
Your spell library was empty.

Inventory:

Hand Weapons
 Y - a +0 shortbow (weapon)
Armour
 a - the +2 barding "Imas" (worn) {rElec Will+}
   (You acquired it on level 1 of the Dungeon)

   rElec:     It insulates you from electricity.
   Will:      It increases your willpower.
 c - a +0 leather armour (worn)
 f - a +0 cloak of preservation (worn)
Scrolls
 b - a scroll of identify
Potions
 e - a potion of cancellation {unknown}
 g - a potion of enlightenment {unknown}
 h - a potion of lignification {unknown}
 j - a potion of mutation
 k - a potion of brilliance {unknown}
 l - a potion of haste
 m - a potion of heal wounds {unknown}
 n - a potion of invisibility {unknown}

Dungeon Overview and Level Annotations

Branches:
Dungeon (4/15)
 Temple: D:4-7

Altars:
Elyvilon
Okawaru
Qazlal
Trog

Annotations:
D:2 1 runed translucent door, Crazy Yiuf
D:3 1 runed translucent door, qw's ghost, amateur GrHu
D:4 Pikel


Message History

You have got your breath back.
Ijyb hits you but does no damage. The lemure hits you but does no damage.
Ijyb hits you but does no damage. The lemure hits you but does no damage.
2483 ||| INVOKING Spit Poison.
Aiming: Spit Poison (1% risk of failure)
Press: ? - help, Shift-Dir - straight line, f/p - Ijyb The splash of poison misses Ijyb.
Ijyb zaps a wand.
The puff of flame hits you! The lemure hits you.
You shoot an arrow. The arrow hits Ijyb.
Ijyb is severely wounded.
Ijyb hits you with a +0 dagger of venom.
Ijyb hits you but does no damage. The lemure hits you.
You shoot an arrow. The arrow hits Ijyb.
Ijyb is almost dead.
Ijyb hits you but does no damage. The lemure hits you but does no damage.
Ijyb hits you but does no damage.
You are poisoned.
You shoot an arrow. The arrow barely misses Ijyb.
You feel very sick.
Ijyb hits you with a +0 dagger of venom.
A gnoll comes into view. It is wielding a +0 club.
The lemure hits you but does no damage.
You shoot an arrow. The arrow hits Ijyb.
You kill Ijyb!
Okawaru accepts your kill.
You feel sick. The lemure hits you.
You shoot an arrow. The arrow barely misses the lemure.
You feel sick. The lemure hits you but does no damage.
You shoot an arrow. The arrow closely misses the lemure.
You have got your breath back.
You feel sick. The lemure hits you but does no damage.
2490 ||| INVOKING Spit Poison.
Aiming: Spit Poison (1% risk of failure)
Press: ? - help, Shift-Dir - straight line, f/p - lemure The splash of poison hits the lemure.
The lemure is poisoned.
The lemure is lightly wounded.
You feel sick. The lemure hits you.
You shoot an arrow. The arrow hits the lemure.
The lemure is lightly wounded.
You die...

####.# . ...... ..
.#..#.# ##############
..##. .# .#.#.#
#.....:>...... ..# ..
..#.# #)############
#.##S#.# # ...# #)#
#55....# .. .g# #.#
#.K#.#.....#.# #.# #.#
...............#.###.#
.#.#.#... #.)@....# .
..#.... #..5.##### .
.#.#.#. #.#.### .
....... ..... # ##
.......## ### #


You could see a lemure (poisoned) and a gnoll.

Vanquished Creatures
  3 lemures (D:4)
  Blork the orc (D:4)
  A sleepcap (D:4)
  Jessica (D:2)
  Ijyb (D:4)
  An orc wizard (D:4)
  3 gnolls
  5 adders
  A dart slug (D:4)
  4 orcs
  7 bats
  4 endoplasms
  4 giant cockroaches
  4 goblins
  3 hobgoblins (D:1)
  6 jackals
  6 kobolds
  3 quokkas
  4 ball pythons
  3 frilled lizards
  6 rats
71 creatures vanquished.

Notes
Turn   | Place    | Note
-------+----------+-------------------------------------------
     0 | D:1      | qw the Naga Hunter began the quest for the Orb.
     0 | D:1      | Reached XP level 1. HP: 19/19 MP: 1/1
     0 | D:1      | 0 ||| qw: Version: 0.2-a-29-gc1b59c4
     0 | D:1      | 0 ||| qw: Game counter: 4223
     0 | D:1      | 0 ||| qw: Always use a shield: true
     0 | D:1      | 0 ||| qw: God list: Okawaru
     0 | D:1      | 0 ||| qw: Allow faded altars: false
     0 | D:1      | 0 ||| qw: Do Orc after D:15 true
     0 | D:1      | 0 ||| qw: Do second Lair branch before Depths: true
     0 | D:1      | 0 ||| qw: Lair rune preference: random
     0 | D:1      | 0 ||| qw: Plans: Normal
     0 | D:1      | 0 ||| PLANNING D:1-11
    87 | D:1      | 87 ||| INVOKING Spit Poison.
   118 | D:1      | 118 ||| INVOKING Spit Poison.
   119 | D:1      | 119 ||| INVOKING Spit Poison.
   144 | D:1      | 144 ||| INVOKING Spit Poison.
   162 | D:1      | Reached skill level 4 in Ranged Weapons
   162 | D:1      | Reached XP level 2. HP: 26/26 MP: 2/2
   181 | D:1      | 181 ||| INVOKING Spit Poison.
   182 | D:1      | 182 ||| INVOKING Spit Poison.
   188 | D:1      | 188 ||| INVOKING Spit Poison.
   191 | D:1      | 191 ||| INVOKING Spit Poison.
   194 | D:1      | 194 ||| INVOKING Spit Poison.
   197 | D:1      | 197 ||| INVOKING Spit Poison.
   198 | D:1      | Reached XP level 3. HP: 25/32 MP: 3/3
   235 | D:1      | Found a faded altar of an unknown god.
   320 | D:1      | 320 ||| INVOKING Spit Poison.
   395 | D:1      | 395 ||| INVOKING Spit Poison.
   463 | D:1      | 463 ||| INVOKING Spit Poison.
   486 | D:1      | 486 ||| INVOKING Spit Poison.
   582 | D:1      | 582 ||| UPGRADING to +0 cloak of preservation.
   587 | D:1      | 587 ||| READING scroll labelled QEYDOE ZUIBRO.
   588 | D:1      | 588 ||| READING scroll labelled LIOLAF ZEUL.
   588 | D:1      | Identified a scroll of acquirement
   588 | D:1      | 588 ||| ACQUIRING +2 barding "Imas" {rElec Will+}
   588 | D:1      | Acquired the +2 barding "Imas" {rElec Will+}
   590 | D:1      | 590 ||| UPGRADING to +2 barding "Imas" {rElec Will+}.
   595 | D:1      | 595 ||| READING scroll labelled INYETH XIAGU.
   596 | D:1      | 596 ||| DROPPING scroll of butterflies.
   628 | D:2      | 628 ||| INVOKING Spit Poison.
   633 | D:2      | 633 ||| INVOKING Spit Poison.
   636 | D:2      | 636 ||| STAIRDANCE
   638 | D:1      | 638 ||| INVOKING Spit Poison.
   642 | D:1      | 642 ||| INVOKING Spit Poison.
   646 | D:1      | 646 ||| INVOKING Spit Poison.
   650 | D:1      | Reached skill level 1 in Armour
   673 | D:2      | 673 ||| INVOKING Spit Poison.
   676 | D:2      | 676 ||| INVOKING Spit Poison.
   684 | D:2      | 684 ||| INVOKING Spit Poison.
   687 | D:2      | 687 ||| INVOKING Spit Poison.
   688 | D:2      | 688 ||| INVOKING Spit Poison.
   712 | D:2      | 712 ||| INVOKING Spit Poison.
   765 | D:2      | 765 ||| INVOKING Spit Poison.
   770 | D:2      | Reached XP level 4. HP: 39/39 MP: 4/4
   782 | D:2      | Found a stormy altar of Qazlal.
   809 | D:2      | Noticed Jessica
   812 | D:2      | 812 ||| INVOKING Spit Poison.
   813 | D:2      | 813 ||| INVOKING Spit Poison.
   813 | D:2      | Killed Jessica
   814 | D:2      | Reached skill level 5 in Ranged Weapons
   817 | D:2      | 817 ||| INVOKING Spit Poison.
   820 | D:2      | 820 ||| INVOKING Spit Poison.
   823 | D:2      | 823 ||| INVOKING Spit Poison.
   830 | D:2      | 830 ||| INVOKING Spit Poison.
   879 | D:2      | 879 ||| INVOKING Spit Poison.
   949 | D:2      | Found a runed translucent door.
   950 | D:2      | Noticed Crazy Yiuf
  1104 | D:2      | 1104 ||| UPGRADING to +0 helmet.
  1109 | D:2      | 1109 ||| READING scroll labelled OJOQOAM GUAV.
  1110 | D:2      | 1110 ||| READING scroll labelled NEANEN USUASHA.
  1153 | D:2      | 1153 ||| DRINKING 2 metallic silvery potions.
  1154 | D:2      | 1154 ||| DROPPING potion of attraction.
  1187 | D:3      | 1187 ||| INVOKING Spit Poison.
  1251 | D:3      | 1251 ||| INVOKING Spit Poison.
  1284 | D:3      | 1284 ||| INVOKING Spit Poison.
  1324 | D:3      | Found a white marble altar of Elyvilon.
  1345 | D:3      | 1345 ||| READING scroll of enchant armour.
  1345 | D:3      | 1345 ||| ENCHANTING +0 helmet.
  1368 | D:3      | 1368 ||| INVOKING Spit Poison.
  1399 | D:3      | Found a runed translucent door.
  1400 | D:3      | Noticed qw's ghost (amateur GrHu)
  1508 | D:3      | 1508 ||| INVOKING Spit Poison.
  1511 | D:3      | Reached XP level 5. HP: 46/46 MP: 5/5
  1518 | D:3      | 1518 ||| INVOKING Spit Poison.
  1556 | D:3      | 1556 ||| INVOKING Spit Poison.
  1652 | D:3      | 1652 ||| READING 2 scrolls labelled IVUMNONLEATA.
  1653 | D:3      | 1653 ||| READING scroll labelled YCYICA EXZASME.
  1667 | D:4      | 1667 ||| INVOKING Spit Poison.
  1732 | D:4      | 1732 ||| INVOKING Spit Poison.
  1754 | D:4      | Found a bloodstained altar of Trog.
  1771 | D:4      | Reached skill level 3 in Fighting
  1795 | D:4      | 1795 ||| INVOKING Spit Poison.
  1796 | D:4      | Noticed Blork the orc
  1797 | D:4      | 1797 ||| Stepping ~*~*~tactically~*~*~ (outnumbered).
  1802 | D:4      | 1802 ||| INVOKING Spit Poison.
  1809 | D:4      | 1809 ||| INVOKING Spit Poison.
  1811 | D:4      | Killed Blork the orc
  1812 | D:4      | Reached XP level 6. HP: 23/56 MP: 6/6
  2007 | D:4      | 2007 ||| INVOKING Spit Poison.
  2014 | D:4      | 2014 ||| INVOKING Spit Poison.
  2044 | D:4      | Noticed Pikel
  2046 | D:4      | 2046 ||| INVOKING Spit Poison.
  2053 | D:4      | 2053 ||| INVOKING Spit Poison.
  2059 | D:4      | 2059 ||| INVOKING Spit Poison.
  2059 | D:4      | HP: 11/56 [lemure[Pikel] (7)]
  2060 | D:4      | 2060 ||| READING scroll of teleportation.
  2063 | D:4      | HP: 2/56 [lemure[Pikel] (6)]
  2158 | D:4      | 2158 ||| INVOKING Spit Poison.
  2262 | D:4      | 2262 ||| INVOKING Spit Poison.
  2268 | D:4      | Found an iron altar of Okawaru.
  2269 | D:4      | 2269 ||| PLANNING OKAWARU WORSHIP
  2269 | D:4      | 2269 ||| DRINKING 2 brown potions.
  2269 | D:4      | Gained mutation: You have a pair of small horns on your
                  | head. [potion of mutation]
  2269 | D:4      | Gained mutation: You are partially covered in iridescent
                  | scales. (AC +2) [potion of mutation]
  2270 | D:4      | 2270 ||| DROPPING +1 helmet.
  2275 | D:4      | Became a worshipper of Warmaster Okawaru
  2275 | D:4      | 2275 ||| PLANNING D:1-11
  2390 | D:4      | 2390 ||| INVOKING Spit Poison.
  2395 | D:4      | Reached skill level 6 in Ranged Weapons
  2395 | D:4      | 2395 ||| INVOKING Spit Poison.
  2402 | D:4      | 2402 ||| INVOKING Spit Poison.
  2420 | D:4      | 2420 ||| INVOKING Spit Poison.
  2423 | D:4      | 2423 ||| INVOKING Spit Poison.
  2471 | D:4      | 2471 ||| INVOKING Spit Poison.
  2471 | D:4      | Noticed Ijyb
  2476 | D:4      | 2476 ||| INVOKING Spit Poison.
  2483 | D:4      | 2483 ||| INVOKING Spit Poison.
  2486 | D:4      | HP: 11/56 [Ijyb/+0 dagger of venom (4)]
  2487 | D:4      | Killed Ijyb
  2487 | D:4      | HP: 4/56 [lemure[Pikel] (5)]
  2490 | D:4      | 2490 ||| INVOKING Spit Poison.
  2490 | D:4      | HP: 1/56 [lemure[Pikel] (1)]
  2491 | D:4      | Succumbed to Ijyb's poison

Levels and vault maps discovered:
D:1:      matt_arrival_refuge, layout_basic, hellmonk_ecumenical_altar_blasted
D:2:      layout_rooms, basic_altar, grunt_decor_resistance, uniq_jessica,
          uniq_crazy_yiuf_cottage
D:3:      layout_basic, elyvilon_altar_3, ebering_ghost_reflecting_pool
D:4:      layout_loops_ring, mainiacjoe_overflow_surrounded_room,
          kennysheep_mini_moat, hangedman_decor_riveting,
          kennysheep_flooded_box, uniq_natasha, uniq_blork_the_orc, uniq_ijyb,
          uniq_pikel

Skill      XL: |  1  2  3  4  5  6 |
---------------+-------------------+-----
Ranged Weapons | 4 5 6 |  6.1
Armour         | 1 |  1.0
Fighting       | 3 |  3.5
Dodging        | |  1.5
Stealth        | |  1.5

Action                     |  1- 3 |  4- 6 || total
---------------------------+-------+-------++-------
   Fire: Shortbow          |    60 |   119 ||   179
Ability: Spit Poison       |    23 |    34 ||    57
    Use: Scroll            |     3 |     6 ||     9
         Potion            |       |     2 ||     2
 Armour: Leather armour    |    49 |    57 ||   106
  Dodge: Dodged            |    41 |    28 ||    69

Table legend:
 A = Non-vault XP
 B = Vault XP
 C = Vault XP percentage of total XP
 D = Non-vault monster count
 E = Vault monster count
 F = Vault count percentage of total count
                 A         B        C        D         E       F
            +---------+---------+-------+---------+---------+-------
      Total |     285 |     164 |  36.5 |      65 |       3 |   4.4
            +---------+---------+-------+---------+---------+-------
        D:1 |      69 |       0 |   0.0 |      26 |       0 |   0.0
        D:2 |      45 |      37 |  45.1 |      14 |       1 |   6.7
        D:3 |      19 |       0 |   0.0 |      10 |       0 |   0.0
        D:4 |     152 |     127 |  45.5 |      15 |       2 |  11.8
            +---------+---------+-------+---------+---------+-------
